Map: Ulzaan

Players

OpuS

  • Race: Protoss Protoss
  • Spawn Location: 9:00

Sketchaphone

  • Race: Zerg Zerg
  • Spawn Location: 11:00

COMMODORE - Winner!

  • Race: Protoss Protoss
  • Spawn Location: 3:00

KeltWarrior - Winner!

  • Race: Terran Terran
  • Spawn Location: 1:00

VOD

Have the link to the VOD?

Description

Time

  • Played on: Jan. 22, 2019, 7 p.m.
  • Length: 14:15
Show
View Real Time Build Order
Export as new Build Order

OpuS Protoss 

Build Orders:  

Get SALT Encoding   

  12  0:01  Probe  
  13  0:13  Probe  
  14  0:20  Pylon  
  14  0:25  Probe  
  15  0:34  Probe  
  15  0:42  Probe, Gateway  
  17  0:52  Probe  
  18  1:00  Assimilator  
  18  1:04  Probe  
  18  1:10  Gateway  
  19  1:20  Probe  
  19  1:25  Pylon  
  20  1:28  Probe  
  20  1:30  Cybernetics Core  
  21  1:36  Probe  
  21  1:41  Assimilator  
  22  1:48  Probe  
  23  2:07  Adept x2  
  23  2:08  Warp Gate  
  27  2:13  Pylon  
  26  2:41  Nexus  
  26  2:44  Sentry  
  26  2:45  Sentry  
  30  3:10  Adept x2  
  30  3:11  Pylon  
  34  3:17  Probe  
  35  3:24  Gateway  
  35  3:29  Probe  
  36  3:37  Gateway  
  36  3:47  Probe  
  37  3:52  Robotics Facility  
  37  4:03  Stalker  
  37  4:07  Stalker  
  41  4:20  Sentry  
  41  4:22  Probe x2  
  45  4:33  Sentry x2  
  45  4:35  Zealot  
  51  4:38  Probe x2  
  53  4:48  Forge  
  53  4:49  Stalker  
  55  4:55  Probe x2  
  55  4:57  Immortal  
  49  5:37  Stalker x4  
  49  5:39  Probe x2  
  47  5:51  Probe x2, Immortal  
  53  6:03  Probe x2  
  53  6:04  Pylon  
  55  6:17  Photon Cannon  
  55  6:20  Photon Cannon, Probe x2  
  57  6:32  Probe  
  58  6:35  Stalker x3  
  58  6:36  Stalker  
  66  6:42  Probe  
  66  6:45  Twilight Council  
  66  6:46  Assimilator  
  67  6:51  Assimilator  
  67  6:52  Probe  
  67  6:53  Protoss Ground Armor Level 1  
  68  6:54  Probe  
  69  7:04  Pylon  
  69  7:05  Blink  
  69  7:07  Pylon  
  69  7:24  Nexus  
  69  7:27  Stalker, Pylon  
  71  7:34  Stalker, Probe  
  74  7:44  Templar Archives  
  74  7:46  Probe  
  74  7:50  Photon Cannon  
  75  7:53  Photon Cannon  
  75  7:57  Stalker  
  75  7:58  Probe  
  78  8:05  Forge  
  78  8:07  Stalker  
  80  8:13  Protoss Ground Weapons Level 1, Observer  
  81  8:21  Psionic Storm  
  81  8:25  Probe  
  82  8:28  Stalker  
  82  8:29  Stalker  
  86  8:36  Probe  
  86  8:37  Probe  
  88  8:47  Assimilator  
  88  8:48  Probe  
  89  8:49  Probe  
  89  8:50  Gateway  
  89  8:51  Assimilator  
  89  8:54  Gateway  
  90  9:00  Probe  
  90  9:01  Probe  
  90  9:02  Stalker  
  94  9:04  Stalker  
  94  9:05  Protoss Ground Armor Level 2  
  96  9:10  Stalker  
  96  9:12  Probe  
  96  9:13  Probe  
  100  9:24  Probe  
  100  9:26  Pylon, Probe  
  100  9:29  Shield Battery  
  102  9:35  Pylon  
  102  9:36  Stalker x2, Probe  
  102  9:38  Probe  
  108  9:43  Gateway  
  108  9:45  Gateway  
  108  9:48  Probe  
  108  9:50  Probe  
  110  10:02  Stalker  
  110  10:03  Stalker x4  
  120  10:44  High Templar x2  
  120  10:48  Nexus  
  120  10:49  Pylon x2  
  124  10:51  Pylon x2  
  124  10:53  Pylon  
  124  10:54  Pylon  
  124  10:56  Pylon  
  116  11:20  Stalker  
  116  11:21  Stalker x5  
  116  11:22  Stalker x2  
  130  11:32  Probe x3  
  133  11:35  Forge  
  133  11:40  Assimilator  
  133  11:44  Assimilator  
  119  12:00  Stalker x6  
  119  12:01  Stalker x2  
  125  12:06  Probe x2  
  125  12:07  Probe x2  
  100  12:18  Probe  
  79  12:26  Stalker x2  
  79  12:27  Stalker x5  
  79  12:28  Stalker  
  87  12:36  Templar Archives  
  80  12:38  Probe x2  
  80  12:39  Probe x2  
  78  12:50  Probe  
  75  13:11  Stalker x2  
  75  13:12  Stalker x5  
  83  13:35  Stalker x5  
  83  13:36  Stalker x2  
  65  14:04  Nexus  
  65  14:07  Assimilator x2  
  65  14:08  Pylon, Cybernetics Core  
  58  14:10  Pylon  
  58  14:11  Pylon  
Show
View Real Time Build Order
Export as new Build Order

Sketchaphone Zerg 

Build Orders: Hatch First 

Get SALT Encoding   

  12  0:02  Drone  
  13  0:14  Overlord  
  13  0:18  Drone  
  14  0:24  Drone, Extractor  
  15  0:32  Drone  
  16  0:39  Drone  
  17  0:59  Drone  
  17  1:00  Hatchery  
  17  1:04  Drone  
  17  1:10  Extractor  
  17  1:20  Spawning Pool  
  17  1:23  Drone  
  17  1:24  Drone  
  18  1:34  Drone  
  19  1:43  Drone  
  20  1:51  Overlord  
  20  2:03  Overlord  
  20  2:14  Lair  
  20  2:15  Queen  
  22  2:18  Drone  
  22  2:20  Drone  
  24  2:28  Zergling x2  
  25  2:31  Zergling x2  
  25  2:35  Drone x2  
  28  2:44  Drone  
  29  2:51  Drone  
  30  3:02  Drone  
  30  3:05  Hatchery, Extractor  
  29  3:08  Drone, Extractor  
  29  3:14  Drone  
  29  3:16  Drone  
  29  3:17  Drone  
  32  3:30  Spire  
  32  3:32  Drone  
  32  3:33  Overlord  
  32  3:35  Drone  
  32  3:36  Drone  
  32  3:39  Drone  
  35  3:42  Drone  
  35  3:53  Overlord  
  35  3:55  Queen  
  37  4:04  Drone  
  37  4:08  Drone  
  37  4:09  Drone x2  
  41  4:24  Drone  
  41  4:25  Drone x3  
  41  4:26  Queen  
  41  4:27  Drone  
  41  4:28  Overlord  
  48  4:51  Mutalisk  
  48  4:52  Mutalisk x5  
  60  5:00  Spine Crawler x2  
  50  5:23  Overlord  
  50  5:34  Spine Crawler  
  49  5:37  Spine Crawler  
  49  5:39  Spine Crawler  
  49  5:41  Overlord  
  47  6:44  Hatchery  
  46  6:48  Infestation Pit  
  46  6:49  Hatchery  
  46  6:51  Overlord x2  
  44  7:04  Overlord x3  
  44  7:05  Overlord  
  44  7:12  Zergling x2  
  45  7:19  Overlord, Mutalisk  
  45  7:20  Mutalisk x3  
  53  7:30  Hive  
  53  7:31  Corruptor x2  
  57  7:38  Drone  
  57  7:39  Drone  
  59  8:01  Spore Crawler  
  59  8:04  Spore Crawler  
  57  8:06  Drone  
  57  8:07  Drone x2  
  60  8:23  Drone x6  
  66  8:33  Extractor  
  65  8:34  Extractor  
  65  8:39  Corruptor  
  66  8:43  Greater Spire  
  66  8:46  Corruptor  
  62  9:20  Corruptor x3  
  68  9:27  Extractor  
  68  9:29  Extractor  
  66  9:55  Brood Lord  
  66  9:56  Brood Lord  
  70  10:00  Metabolic Boost  
  70  10:03  Queen  
  70  10:06  Drone x2  
  73  10:08  Corruptor x2  
  73  10:12  Spore Crawler  
  77  10:14  Spore Crawler, Drone x2  
  77  10:16  Spore Crawler  
  77  10:17  Spore Crawler  
  77  10:20  Drone  
  77  10:21  Drone x6  
  82  10:31  Corruptor  
  84  10:47  Corruptor x2  
  83  10:59  Corruptor x2  
  69  11:09  Corruptor  
  37  11:33  Corruptor  
  26  11:48  Brood Lord  
Show
View Real Time Build Order
Export as new Build Order

COMMODORE Protoss - Winner!

Build Orders: Phoenix Opening 

Get SALT Encoding   

  1  0:00  Probe  
  13  0:17  Pylon  
  13  0:25  Probe  
  14  0:37  Probe  
  14  0:41  Gateway  
  15  0:49  Probe  
  16  0:58  Probe, Forge  
  17  1:07  Probe  
  18  1:21  Assimilator x2  
  18  1:27  Probe  
  18  1:30  Zealot  
  21  1:39  Probe  
  22  1:43  Cybernetics Core  
  22  1:51  Probe  
  23  2:07  Pylon x2  
  23  2:14  Pylon  
  23  2:24  Probe  
  24  2:30  Nexus  
  24  2:32  Probe  
  25  2:40  Probe  
  26  3:02  Stargate  
  26  3:09  Stalker  
  26  3:17  Nexus  
  28  3:26  Probe  
  29  3:34  Protoss Air Weapons Level 1  
  29  3:38  Probe  
  29  3:41  Probe  
  31  3:49  Probe  
  31  3:50  Probe, Phoenix  
  35  3:59  Probe  
  36  4:08  Phoenix  
  36  4:11  Probe  
  39  4:23  Probe  
  40  4:26  Probe  
  41  4:31  Assimilator  
  41  4:34  Assimilator  
  41  4:35  Probe x2  
  41  4:36  Assimilator  
  42  4:44  Probe  
  43  4:47  Probe  
  43  4:48  Void Ray  
  49  4:56  Probe  
  49  4:59  Probe  
  51  5:08  Probe  
  52  5:22  Void Ray  
  50  5:34  Probe  
  52  5:36  Probe  
  52  5:42  Probe  
  54  5:44  Probe  
  54  5:47  Stargate  
  54  5:49  Stargate  
  56  5:54  Probe  
  57  6:04  Pylon x2  
  57  6:05  Pylon  
  57  6:06  Probe  
  57  6:07  Protoss Air Armor Level 1  
  58  6:24  Phoenix  
  58  6:26  Phoenix  
  58  6:32  Phoenix  
  60  6:44  Probe  
  60  6:46  Phoenix  
  61  6:51  Probe  
  64  6:54  Assimilator  
  64  6:56  Probe  
  64  7:00  Pylon x2  
  65  7:03  Probe  
  65  7:08  Probe, Fleet Beacon  
  66  7:15  Probe  
  68  7:17  Probe  
  69  7:25  Probe  
  69  7:27  Probe  
  71  7:35  Probe  
  71  7:41  Pylon, Protoss Air Weapons Level 2  
  72  7:45  Pylon  
  72  7:46  Pylon x2  
  72  7:47  Probe  
  72  7:49  Pylon  
  73  7:53  Nexus  
  73  7:55  Pylon  
  73  7:59  Probe  
  73  8:03  Tempest x3  
  89  8:07  Probe  
  90  8:15  Probe  
  90  8:19  Photon Cannon  
  91  8:21  Photon Cannon  
  91  8:23  Photon Cannon  
  91  8:25  Probe  
  91  8:27  Shield Battery  
  91  8:29  Shield Battery  
  92  8:38  Pylon  
  92  8:40  Probe  
  93  8:46  Tempest x3  
  108  8:52  Probe  
  109  9:03  Pylon  
  109  9:04  Probe  
  110  9:12  Photon Cannon  
  110  9:13  Photon Cannon  
  110  9:16  Probe, Photon Cannon  
  111  9:17  Probe  
  111  9:18  Tempest  
  112  9:25  Probe  
  112  9:28  Probe  
  112  9:29  Tempest  
  124  9:34  Probe  
  125  9:47  Probe  
  125  9:51  Tempest  
  126  9:56  Tempest  
  126  9:59  Probe  
  137  10:11  Probe  
  138  10:20  Probe  
  138  10:28  Probe  
  139  10:33  Stargate  
  140  10:35  Stargate  
  140  10:37  Probe  
  141  10:49  Probe  
  142  10:51  Tempest x2  
  142  11:01  Tempest, Probe  
  158  11:09  Tempest x2  
  149  12:09  Pylon  
  149  12:11  Pylon  
  149  12:12  Pylon  
  149  12:34  Nexus  
  149  12:36  Nexus  
  149  12:51  Pylon x2  
  149  12:52  Pylon  
  145  13:08  Tempest x2  
  145  13:09  Tempest  
  160  13:15  Photon Cannon x2  
  160  13:16  Photon Cannon  
  160  13:18  Photon Cannon  
  160  13:21  Pylon  
  160  13:22  Pylon  
  160  13:34  Photon Cannon  
  160  13:36  Photon Cannon  
Show
View Real Time Build Order
Export as new Build Order

KeltWarrior Terran - Winner!

Build Orders:  

Get SALT Encoding   

  12  0:13  SCV  
  13  0:25  SCV  
  13  0:27  Supply Depot  
  14  0:37  SCV  
  15  0:46  Supply Depot  
  15  0:49  Barracks  
  15  0:51  SCV  
  16  1:09  Barracks  
  16  1:11  SCV  
  17  1:21  Refinery  
  17  1:24  SCV  
  18  1:26  Refinery  
  18  1:36  Marine, SCV  
  20  1:48  SCV  
  21  1:54  Marine  
  21  2:00  Orbital Command  
  22  2:10  Marine  
  22  2:12  Factory  
  23  2:32  Barracks Tech Lab  
  23  2:37  Barracks Reactor  
  23  2:39  SCV  
  23  2:40  Supply Depot  
  24  2:51  Stimpack, SCV  
  24  2:52  Marine  
  26  2:59  Starport  
  26  3:06  Factory Reactor  
  26  3:09  SCV  
  26  3:10  Marine  
  28  3:13  Marine  
  29  3:21  SCV  
  29  3:25  Supply Depot  
  29  3:26  Marine  
  31  3:28  Marine  
  31  3:31  Marine  
  33  3:50  Medivac x2  
  33  3:51  Marine x3  
  40  4:00  Factory Tech Lab  
  40  4:05  Supply Depot  
  40  4:08  Marine  
  40  4:09  Marine x2  
  43  4:18  Supply Depot  
  43  4:21  Siege Tank  
  45  4:26  Marine x2  
  45  4:27  Marine  
  48  4:44  Marine x3  
  51  4:52  Combat Shield  
  51  5:02  Marine x2  
  51  5:05  Siege Tank  
  47  5:53  SCV  
  47  5:54  Supply Depot  
  48  5:58  Engineering Bay  
  48  6:00  Barracks  
  48  6:01  Barracks, Command Center  
  37  6:20  Marine  
  37  6:25  Armory  
  35  6:29  Missile Turret  
  35  6:30  Missile Turret x2  
  35  6:42  SCV  
  36  6:47  Hi-Sec Auto Tracking, Missile Turret  
  36  6:49  Missile Turret  
  36  6:50  Missile Turret  
  36  6:52  Barracks Reactor  
  36  6:56  Barracks Reactor  
  36  7:03  Missile Turret  
  36  7:09  Medivac  
  38  7:19  Orbital Command  
  38  7:29  Missile Turret  
  38  7:40  Missile Turret  
  38  7:41  Missile Turret  
  38  7:42  Missile Turret  
  38  7:49  SCV  
  39  7:52  SCV  
  39  7:55  Marine  
  41  8:01  Terran Infantry Weapons Level 1  
  41  8:02  Missile Turret  
  41  8:04  Drilling Claws  
  41  8:11  Marine x3  
  44  8:14  Marine  
  44  8:18  Medivac  
  47  8:21  Marine x2  
  47  8:22  Marine  
  50  8:29  Marine x2  
  52  8:35  Marine  
  52  8:36  Marine  
  52  8:37  Factory  
  52  8:39  Terran Vehicle And Ship Armor Level 1  
  54  8:47  Marine  
  54  8:48  Marine x3  
  57  8:51  Marine  
  57  8:53  Marine x2  
  61  9:05  Marine x2  
  61  9:06  Marine x2  
  65  9:12  SCV x2  
  65  9:16  Refinery  
  67  9:20  Refinery  
  67  9:24  SCV x2, Factory Reactor  
  68  9:34  Medivac x2  
  68  9:36  SCV x2  
  74  9:48  SCV  
  75  9:55  Marine x3  
  78  10:01  Terran Infantry Weapons Level 2  
  78  11:12  Supply Depot x2  
  78  11:13  Supply Depot  
  78  11:33  Marine x5  
  78  11:34  Reaper, Marine, Widow Mine x3  
  86  11:53  Marine x3  
  86  11:56  Marine x2  
  86  12:00  Widow Mine  
  86  12:05  Widow Mine  
  86  12:07  Marine  
  86  12:13  Marine x2  
  86  12:15  Marine x2  
  86  12:16  Marine  
  80  12:24  Marine  
  79  12:30  Marine x2  
  79  12:32  Marine x2  
  79  12:34  Marine  
  78  12:48  Marine x2  
  78  12:50  Marine  
  73  12:52  Marine  
  72  13:03  Barracks  
  72  13:08  Barracks  
  72  13:10  Medivac x2  
  76  13:19  Siege Tank  
  79  13:23  Marine x3  
  79  13:24  Marine  
  83  13:34  Supply Depot  
  83  13:36  Supply Depot x3  
  83  13:37  Supply Depot  
  83  13:38  Supply Depot  
  83  13:39  Supply Depot  
  83  13:40  Medivac x2  
  83  13:41  Supply Depot  
  86  13:43  Command Center  
  86  13:47  Refinery x2  
  86  13:56  Marine x7  
  93  14:09  Supply Depot  
Tags
 
Add a new tag
Caveats
  • Supply blocks, unpowered buildings, or Contaminate may cause inaccurate times.
  • Supply counts are checked every 10 seconds.